 Dungeon Crawl Stone Soup version 0.17.2 (webtiles) character file.

6 ololoev the Skirmisher (level 1, -3/18 HPs)
             Began as a Demonspawn Fighter on June 9, 2016.
             Slain by ololoev's ghost (7 damage)
             ... on level 3 of the Dungeon.
             The game lasted 00:01:26 (231 turns).

ololoev the Skirmisher (Demonspawn Fighter)          Turns: 231, Time: 00:01:26

Health: -3/18      AC:  6    Str: 21    XL:     1   Next: 75%
Magic:  1/1        EV:  7    Int:  9    God:
Gold:   21         SH:  9    Dex: 12    Spells: 0 memorised, 0 levels left

rFire  . . .     SeeInvis .     a - +0 war axe
rCold  . . .     Clarity  .     b - +0 scale mail
rNeg   . . .     SustAt   .     c - +0 shield
rPois  .         Gourm    .     (no helmet)
rElec  .         Spirit   .     (no cloak)
rCorr  .         Warding  .     (no gloves)
rMut   .         Stasis   .     (no boots)
MR     .....                    (no amulet)
Stlth  ..........               (no ring)
                                (no ring)

@: mighty, not resistant to hostile enchantments, extremely unstealthy
A: no striking features
a: no special abilities

Inventory:

Hand Weapons
 a - a +0 war axe (weapon)
Armour
 b - a +0 scale mail (worn)
 c - a +0 shield (worn)
Scrolls
 h - a scroll of remove curse {unknown}
 i - a scroll of enchant armour {unknown}
 k - a scroll of identify {unknown}
 l - a scroll of teleportation {unknown}
Potions
 f - a potion of lignification {unknown}
 j - a potion of curing
 m - a potion of heal wounds {unknown}
Comestibles
 e - 2 bread rations
 g - a meat ration


   Skills:
 - Level 3.0 Fighting
 * Level 2.1 Axes
 + Level 2.9 Armour
 - Level 2.6 Shields


You couldn't memorise any spells.
You didn't know any spells.


You were on level 3 of the Dungeon.
You were not hungry.

You visited 1 branch of the dungeon, and saw 3 of its levels.

You collected 21 gold pieces.

### >.. ..# #.# #.# #+##
#.###.# ##...## #.#...#
##.....## #
#.....###.......##
.##.###.....##.........#
.......r.....'..(......+
#...W@....##.........#
######.#.####†......#
#........#.....##
#.##.###.##...## #. #.#
#. ##'## #. #.# #. #/#
#. ..# #. #.# #. ## #.
##.## #. ##...####

Notes
Turn   | Place    | Note
--------------------------------------------------------------
     0 | D:1      | ololoev the Demonspawn Fighter began the quest for the Orb.
     0 | D:1      | Reached XP level 1. HP: 18/18 MP: 1/1
   111 | D:1      | You fall through a shaft!
   225 | D:3      | Noticed ololoev's ghost (weakling DsFi)
   231 | D:3      | Slain by ololoev's ghost

Dungeon Overview and Level Annotations

Branches:
Dungeon (3/15)

Altars:

Annotations:
D:3 ololoev's ghost, weakling DsFi


Message History

You open the door.
Found a bread ration and 13 stones.
Drop what? 14/52 slots (_ for help) (? for menu, Esc to quit)
You drop a wand of magic darts.
There is an open door here.
e - 2 bread rations (gained 1)
A quokka comes into view.
You open the door. You hit the quokka.
The quokka is almost dead.
The quokka bites you but does no damage.
You block the quokka's attack.
Your shield and scale mail prevent you from hitting the quokka.
The quokka is almost dead.
The quokka bites you but does no damage.
You barely miss the quokka.
The quokka is almost dead.
The quokka bites you but does no damage.
You block the quokka's attack.
You slash the quokka!
You kill the quokka!
No target in view!
Found a dagger.
There is an open door here.
A quokka and a player ghost come into view.
Ololoev's ghost turns its malevolent gaze towards you.
Found an escape hatch in the floor.
Drink which item? (? for menu, Esc to quit)
You feel very mighty all of a sudden.
Drink which item? (? for menu, Esc to quit)
It was a potion of curing.
You feel better. Ololoev's ghost hits you!
You slash ololoev's ghost!
Ololoev's ghost is moderately damaged.
Your scale mail prevents you from hitting the quokka.
You block the quokka's attack. Ololoev's ghost hits you. The quokka bites you.
Unknown command.
You barely miss ololoev's ghost.
Ololoev's ghost is moderately damaged.
You closely miss the quokka. Ololoev's ghost hits you!
You die...

You could see ololoev's ghost and a quokka.

Vanquished Creatures
  A hobgoblin (D:1)
  A quokka (D:3)
  2 giant cockroaches (D:1)
  A goblin (D:1)
  A rat (D:2)
6 creatures vanquished.

Action                   || total
-------------------------++-------
Melee: War axe           ||    23
  Use: Potion            ||     2

Vault maps used:
D:1:      dpeg_arrival_round_b, serial_park_tiny_2, st_stairs_4,
          hangedman_feature_mirror
D:2:      uniq_robin
D:3:      kiku_gazebo_pond_becter, fedhas_altar_fruit_tree, first_bread,
          uniq_jessica
